 Dungeon Crawl Stone Soup version 0.30-a0-465-g8901f6c8b5 (webtiles) character file.

Game seed: 12182418179166057839

34260 Monkooky the Arsonist (level 13, 0/115 HPs)
             Began as a Naga Artificer on Dec 17, 2022.
             Was a Follower of Uskayaw.
             Slain by an orc warlord
             ... wielding a +0 long sword
              (29 damage)
             ... on level 2 of the Orcish Mines.
             The game lasted 01:11:09 (21127 turns).

Monkooky the Arsonist (Naga Artificer)             Turns: 21127, Time: 01:11:10

Health: 0/115      AC: 13    Str: 14    XL:     13   Next: 76%
Magic:  9/20       EV:  9    Int: 18    God:    Uskayaw [*.....]
Gold:   1420       SH:  3    Dex: 12    Spells: 5/21 levels left

rFire   + + +      SeeInvis +    U - +7 mace "Larilopy" {vorpal, rF+ Will+ Str-3 Int+4}
rCold   + . .      Faith    .    f - +0 buckler
rNeg    + . .      Spirit   .    F - +2 robe {rF+}
rPois   +          Reflect  .    p - +2 helmet
rElec   .          Harm     .    l - scarf {rC+ rF+}
rCorr   .          Rampage  .    x - +2 pair of gloves {hurl}
Will    ++...                    (no barding)
Stlth   +++.......               a - amulet of the acrobat
HPRegen 0.39/turn                w - ring of wizardry
MPRegen 0.17/turn                C - ring of positive energy

@: about to teleport, on blink cooldown, very slow
A: AC +4, large, see invisible, deformed body, poison resistance, slowness 2,
spit poison 1, naga tail 2
a: Spit Poison, Renounce Religion, Stomp


You were on level 2 of the Orcish Mines.
You worshipped Uskayaw.
Uskayaw was aware of your devotion.
You visited 3 branches of the dungeon, and saw 15 of its levels.

You collected 1420 gold pieces.

Inventory:

Hand Weapons
 U - the +7 mace "Larilopy" (weapon) {vorpal, rF+ Will+ Str-3 Int+4}
   (You found it on level 8 of the Dungeon)

   It inflicts extra damage upon your enemies.
   Str:       It affects your strength (-3).
   Int:       It affects your intelligence (+4).
   rF:        It protects you from fire.
   Will:      It increases your willpower.
Missiles
 i - 3 silver javelins
 B - 34 poisoned darts
 V - 4 throwing nets
Armour
 f - a +0 buckler (worn)
 l - a scarf of resistance (worn)
 p - a +2 helmet (worn)
 x - a +2 pair of gloves of hurling (worn)
 F - a +2 robe of fire resistance (worn)
 Q - a +0 troll leather armour
 S - +0 steam dragon scales
Magical Staves
 G - a staff of air
Jewellery
 a - an amulet of the acrobat (around neck)
 v - a ring of fire
 w - a ring of wizardry (left hand)
 C - a ring of positive energy (right hand)
 P - an amulet of guardian spirit
 Z - the ring "Ymawaoro" {rElec rC- rN+ Will+ Dex+2}
   (You found it on level 10 of the Dungeon)

   [ring of willpower]

   Dex:       It affects your dexterity (+2).
   rC:        It makes you vulnerable to cold.
   rElec:     It insulates you from electricity.
   rN:        It protects you from negative energy.
   Will:      It increases your willpower.
Wands
 c - a wand of flame (12)
 d - a wand of charming (14)
 e - a wand of iceblast (9)
 E - a wand of digging (12)
 J - a wand of light (6)
 K - a wand of polymorph (7)
 O - a wand of mindburst (2)
Scrolls
 b - a scroll of noise {unknown}
 g - a scroll of poison
 k - 3 scrolls of amnesia
 n - 6 scrolls of teleportation
 r - 4 scrolls of silence
 u - 2 scrolls of blinking
 z - 5 scrolls of immolation
 A - a scroll of brand weapon
 D - 4 scrolls of fear
 H - 7 scrolls of magic mapping {unknown}
 I - 5 scrolls of fog {unknown}
 T - a scroll of vulnerability
 W - a scroll of enchant weapon
Potions
 h - 3 potions of ambrosia
 j - 3 potions of flight {unknown}
 o - 3 potions of mutation {unknown}
 q - 5 potions of brilliance {unknown}
 s - 3 potions of cancellation {unknown}
 t - a potion of invisibility {unknown}
 L - a potion of magic {unknown}
 M - a potion of haste {unknown}
 N - 5 potions of curing {unknown}
 R - 3 potions of heal wounds {unknown}
 X - a potion of resistance {unknown}
 Y - a potion of berserk rage
Miscellaneous
 m - a lightning rod (1/4)


   Skills:
 - Level 7.2 Fighting
 - Level 4.4 Staves
 - Level 1.5 Armour
 - Level 0.7 Dodging
 - Level 5.6 Stealth
 - Level 4.7 Spellcasting
 - Level 9.0 Conjurations
 - Level 4.9 Transmutations
 - Level 10.2 Fire Magic
 - Level 5.2 Air Magic
 - Level 5.1 Earth Magic
 - Level 5.0 Poison Magic
 + Level 9.3 Invocations
 - Level 9.4 Evocations


You had 5 spell levels left.
You knew the following spells:

 Your Spells              Type           Power      Damage    Failure   Level
a - Passwall              Tmut/Erth      18%        N/A       1%          2
b - Blink                 Tloc           8%         N/A       11%         2
c - Ignite Poison         Fire/Tmut/Pois 28%        N/A       1%          3
d - Stone Arrow           Conj/Erth      58%        3d10      1%          3
e - Sticky Flame          Conj/Fire      39%        2d6       1%          4
f - Scorch                Fire           82%        2d9       1%          2

Your spell library contained the following spells:

 Spells                   Type           Power      Damage    Failure   Level
 Kiss of Death            Conj/Necr      80%        2d11      1%          1
 Sandblast                Erth           44%        2d11      1%          1
 Flame Wave               Conj/Fire      39%        2d11      1%          4
 Confusing Touch          Hex            4%         N/A       21%         3
 Dispel Undead            Necr           4%         3d7       52%         4
 Manifold Assault         Tloc           4%         N/A       52%         4
 Storm Form               Tmut/Air       11%        N/A       99%         7
 Ignition                 Fire           20%        3d7       99%         8
 Summon Cactus Giant      Summ           2%         N/A       100%        6


Dungeon Overview and Level Annotations

Branches:
Dungeon (11/15)            Temple (0/1) D:4            Lair (2/5) D:9
    Orc (2/2) D:11            Elf (0/3) Orc:2
  Swamp: Lair:2-3    Shoals: Lair:2-3     Snake: Lair:2-3    Spider: Lair:2-3

Altars:
Cheibriados
Fedhas
Okawaru
Ru
Trog
Uskayaw
Wu Jian
Yredelemnul
Zin

Shops:
D:11 (

Annotations:
D:3 exclusion: downstairs
D:5 exclusion: downstairs, Grinder
D:7 exclusion: downstairs


Innate Abilities, Weirdness & Mutations

Your serpentine skin is tough. (AC +4)
You have supernaturally acute eyesight. (SInv)
Armour fits poorly on your strangely shaped body.
Your system is resistant to poisons. (rPois)
You cover ground very slowly.
You can spit poison.
You can use your snake-like lower body to constrict enemies.


Message History

Press: ? - help, Shift-Dir - straight line, f/p - orc warlord
Aim: an orc warlord, wielding a +0 long sword, wearing a +1 plate armour of fire resistance and wearing a +0 tower shield (81% to hit)
You throw a boomerang of dispersal.
The orc warlord blocks the boomerang of dispersal.
The orc warlord hits you with a +0 long sword.
Throw: 2 boomerangs (disperse)
Press: ? - help, Shift-Dir - straight line, f/p - orc warlord
Aim: an orc warlord, wielding a +0 long sword, wearing a +1 plate armour of fire resistance and wearing a +0 tower shield (81% to hit)
You throw a boomerang of dispersal.
The orc warlord blocks the boomerang of dispersal.
The orc warlord completely misses you.
The orc warlord hits you with a +0 long sword!
Throw: 5 throwing nets
Press: ? - help, Shift-Dir - straight line, f/p - orc warlord
Aim: an orc warlord, wielding a +0 long sword, wearing a +1 plate armour of fire resistance and wearing a +0 tower shield (81% to hit)
You throw a throwing net.
The orc warlord blocks the throwing net.
You feel stable enough to blink again.
The orc warlord hits you but does no damage.
Okay, then.
Casting: Blink (safe; 11% risk of failure)
Confirm with . or Enter, or press ? or * to list all spells.
You blink.
The orc warlord completely misses you.
As you read the scroll of teleportation, it crumbles to dust.
You feel strangely unstable.
The orc warlord hits you with a +0 long sword.
* * * LOW HITPOINT WARNING * * *
Unknown command.
Okay, then.
Okay, then.
Throw: boomerang (disperse)
Press: ? - help, Shift-Dir - straight line, f/p - orc warlord
Aim: an orc warlord, wielding a +0 long sword, wearing a +1 plate armour of fire resistance and wearing a +0 tower shield (81% to hit)
You throw a boomerang of dispersal.
The boomerang of dispersal hits the orc warlord but does no damage.
The orc warlord hits you with a +0 long sword.
* * * LOW HITPOINT WARNING * * *
The orc warlord attacks as you move away!
The orc warlord hits you with a +0 long sword!!
You die...

# ####...# #...#....#. # ..
..#...#. #.......... ## #..
.'(..' #...#....#. .##+##....#
#...# #....#.....
..........#####)8)#####..........
..........#...#)..#...#....##....
..........#...)...')..#...###...#
.)..#...#.#...#))o#...#...##.....
[.........# ##)@.#####.......#..
#.........## #8)))8# ##......##
...........###.....###...........
.#.#.........##))'##.......#####.
..###.......)))........#.#.#
...#.......#.#.8.8......##.#
.........................#.#
...........#.##......#..##.#
.............###.##......#


You could see an orc warlord.

Vanquished Creatures
  Gastronok (Lair:1)
  2 hydras
  Harold (Lair:1)
  2 boulder beetles (Lair:1)
  A two-headed ogre (D:10)
  12 death yaks (Lair:1)
  An orc high priest (Orc:2)
  Pikel (D:4)
  2 orc sorcerers
  An ugly thing (D:11)
  An elephant (Lair:1)
  A black mamba (Lair:1)
  An unseen horror (D:11)
  3 cane toads
  Maggie (D:7)
  6 komodo dragons
  A rime drake (Lair:1)
  2 kobold demonologists
  5 trolls
  3 blink frogs (Lair:1)
  A hornet (D:10)
  4 dream sheep (Lair:1)
  2 shadows
  5 wyverns
  4 basilisks
  28 yaks
  4 vampire mosquitoes (D:11)
  2 steam dragons
  4 wargs
  5 water moccasins
  2 acid dragons (D:9)
  Duvessa (D:7)
  17 orc warriors
  3 black bears
  5 ogres
  9 wolves
  5 centaurs
  2 lemures
  4 kobold brigands
  3 bullfrogs
  2 necrophages
  2 gnoll sergeants
  2 scorpions
  3 wights (D:5)
  Dowan (D:7)
  2 howler monkeys (D:11)
  2 hounds
  A jelly (D:5)
  9 iguanas
  7 orc priests
  2 gnoll boudas
  Ijyb (D:4)
  18 orc wizards
  An adder (D:3)
  16 gnolls
  A shadow imp (D:6)
  2 white imps
  3 worms
  A dart slug (D:1)
  64 orcs
  6 endoplasms
  4 giant cockroaches
  9 goblins
  6 hobgoblins
  9 jackals
  A quokka (D:1)
  10 ball pythons
  3 bats
  2 frilled lizards (D:3)
  21 kobolds
  2 rats
371 creatures vanquished.

Vanquished Creatures (others)
  7 fungi
  37 plants
44 creatures vanquished.

Grand Total: 415 creatures vanquished

Notes
Turn   | Place    | Note
-------+----------+-------------------------------------------
     0 | D:1      | Monkooky the Naga Artificer began the quest for the Orb.
     0 | D:1      | Reached XP level 1. HP: 18/18 MP: 1/1
   194 | D:1      | Found a faded altar of an unknown god.
   223 | D:1      | Prayed at the altar of an unknown god.
   223 | D:1      | Became a worshipper of Uskayaw the Reveller
   223 | D:1      | Reached * piety under Uskayaw
   282 | D:1      | Reached XP level 2. HP: 25/25 MP: 2/2
   291 | D:1      | Reached ** piety under Uskayaw
   293 | D:1      | Reached *** piety under Uskayaw
   303 | D:1      | Reached **** piety under Uskayaw
   443 | D:1      | Reached skill level 1 in Invocations
   558 | D:1      | Reached XP level 3. HP: 4/31 MP: 2/4
  2034 | D:3      | Learned a level 2 spell: Passwall
  2048 | D:3      | Reached XP level 4. HP: 38/38 MP: 5/5
  2062 | D:3      | Found a sacrificial altar of Ru.
  2304 | D:3      | Noticed a black bear
  2318 | D:3      | Killed a black bear
  2319 | D:3      | Reached XP level 5. HP: 34/44 MP: 5/8
  2737 | D:4      | Noticed a lemure
  2737 | D:4      | Noticed a lemure
  2737 | D:4      | Noticed a lemure
  2737 | D:4      | Noticed a lemure
  2739 | D:4      | Noticed Pikel
  2769 | D:3      | Killed a lemure
  2812 | D:4      | Found a staircase to the Ecumenical Temple.
  2814 | D:4      | Noticed an ogre
  2829 | D:4      | Killed an ogre
  2830 | D:4      | Reached XP level 6. HP: 29/56 MP: 5/9
  3029 | D:4      | Reached skill level 1 in Spellcasting
  3219 | D:4      | You fall into a shaft and drop 1 floor!
  3219 | D:5      | Entered Level 5 of the Dungeon
  3300 | D:5      | Learned a level 2 spell: Blink
  3361 | D:5      | Noticed Grinder
  3666 | D:5      | Reached XP level 7. HP: 33/62 MP: 11/11
  3971 | D:5      | Reached skill level 5 in Invocations
  4027 | D:4      | Killed Pikel
  4028 | D:4      | Reached XP level 8. HP: 29/78 MP: 2/12
  4360 | D:4      | Reached skill level 1 in Staves
  4409 | D:4      | Found a basalt altar of Yredelemnul.
  4432 | D:4      | Noticed Ijyb
  4457 | D:4      | Killed Ijyb
  5160 | D:5      | Reached skill level 5 in Evocations
  5859 | D:6      | Reached skill level 1 in Air Magic
  6395 | D:6      | Reached XP level 9. HP: 74/84 MP: 13/13
  6501 | D:6      | Found a glowing silver altar of Zin.
  6511 | D:6      | Found a bloodstained altar of Trog.
  6622 | D:6      | Learned a level 3 spell: Ignite Poison
  6648 | D:6      | Found a large runed translucent door.
  6648 | D:6      | Found a large runed translucent door.
  6991 | D:6      | Found a blossoming altar of Fedhas.
  7041 | D:6      | Found a snail-covered altar of Cheibriados.
  7233 | D:7      | Reached skill level 1 in Transmutations
  7233 | D:7      | Reached skill level 1 in Poison Magic
  7346 | D:7      | Reached skill level 1 in Fire Magic
  7888 | D:7      | Noticed Duvessa
  7890 | D:7      | Noticed a troll
  7892 | D:7      | Noticed Dowan
  7896 | D:7      | Killed Duvessa
  7898 | D:7      | Killed Dowan
  7899 | D:7      | Reached skill level 2 in Fire Magic
  7909 | D:7      | Killed a troll
  7909 | D:7      | Reached ***** piety under Uskayaw
  8047 | D:7      | Reached skill level 5 in Poison Magic
  8284 | D:7      | Noticed Maggie
  8303 | D:7      | Killed Maggie
  8304 | D:7      | Reached XP level 10. HP: 18/92 MP: 8/14
  9523 | D:8      | Found a hide-covered altar of Uskayaw.
  9614 | D:8      | Found an iron altar of Okawaru.
  9634 | D:8      | Identified the +7 mace "Larilopy" {vorpal, rF+ Will+ Str-3
                  | Int+4}
  9715 | D:8      | Learned a level 3 spell: Stone Arrow
  9903 | D:8      | Reached skill level 1 in Conjurations
  9903 | D:8      | Reached skill level 1 in Earth Magic
  9997 | D:8      | Found an ornate altar of the Wu Jian Council.
 11058 | D:9      | Reached skill level 5 in Conjurations
 11058 | D:9      | Reached skill level 5 in Earth Magic
 11401 | D:9      | Reached XP level 11. HP: 49/98 MP: 1/16
 11786 | D:9      | Found a staircase to the Lair.
 12302 | D:10     | Entered Level 10 of the Dungeon
 12304 | D:10     | Noticed a two-headed ogre
 12311 | D:10     | Killed a two-headed ogre
 12646 | D:10     | Identified the ring "Ymawaoro" {rElec rC- rN+ Will+ Dex+2}
 13648 | D:11     | Found Mixoan's Antique Weapon Boutique.
 13692 | D:11     | Noticed a white ugly thing
 13700 | D:11     | Killed a white ugly thing
 14608 | D:11     | Found a staircase to the Orcish Mines.
 15107 | Lair:1   | Entered Level 1 of the Lair of Beasts
 15196 | Lair:1   | Noticed Harold
 15267 | Lair:1   | Noticed Gastronok
 15275 | Lair:1   | Reached XP level 12. HP: 43/109 MP: 6/19
 15287 | Lair:1   | Killed Gastronok
 15528 | Lair:1   | Reached skill level 5 in Stealth
 15737 | Lair:1   | Learned a level 4 spell: Sticky Flame
 15824 | Lair:1   | Reached skill level 3 in Fire Magic
 16397 | Lair:1   | Reached skill level 4 in Fire Magic
 16478 | Lair:1   | Noticed a death yak
 16492 | Lair:1   | Noticed a boulder beetle
 16502 | Lair:1   | Killed a boulder beetle
 16833 | Lair:1   | Noticed a death yak
 16838 | Lair:1   | Noticed a death yak
 16840 | Lair:1   | Noticed a death yak
 16843 | Lair:1   | Noticed a death yak
 16845 | Lair:1   | Noticed a death yak
 16846 | Lair:1   | Killed a death yak
 16847 | Lair:1   | Reached skill level 5 in Fire Magic
 16855 | Lair:1   | Killed a death yak
 16855 | Lair:1   | Killed a death yak
 16855 | Lair:1   | Killed a death yak
 16855 | Lair:1   | Killed a death yak
 16856 | Lair:1   | Reached skill level 6 in Fire Magic
 17237 | Lair:1   | Noticed a death yak
 17256 | Lair:1   | Killed a death yak
 17411 | Lair:1   | Noticed a boulder beetle
 17412 | Lair:1   | Noticed a seven-headed hydra
 17503 | Lair:1   | Killed a boulder beetle
 17540 | Lair:1   | Killed a seven-headed hydra
 17541 | Lair:1   | Reached skill level 7 in Fire Magic
 17541 | Lair:1   | Gained mutation: You can use your snake-like lower body to
                  | constrict enemies. [Naga growth]
 17541 | Lair:1   | Reached XP level 13. HP: 115/115 MP: 1/20
 18003 | Lair:1   | Killed Harold
 18081 | Lair:2   | Identified the +2 robe of Negligence {rF++ Dex-3}
 18412 | Lair:1   | Reached skill level 8 in Fire Magic
 18585 | Lair:1   | Learned a level 2 spell: Scorch
 19239 | Lair:2   | Reached skill level 9 in Fire Magic
 19978 | Orc:1    | Entered Level 1 of the Orcish Mines
 20012 | Orc:1    | Reached skill level 10 in Fire Magic
 20202 | Orc:2    | Entered Level 2 of the Orcish Mines
 20731 | Orc:2    | Reached skill level 5 in Air Magic
 20733 | Orc:2    | Noticed an orc warlord
 20741 | Orc:2    | Reached ****** piety under Uskayaw
 21069 | Orc:2    | Found a staircase to the Elven Halls.
 21127 | Orc:2    | Slain by an orc warlord

Illustrated notes

Levels and vault maps discovered:
D:1:      roderic_lyre, layout_basic, shapermc_ecumenical_altar_starsandcircs
D:2:      layout_loops_ring, nicolae_hexahallways
D:3:      layout_basic, nicolae_ru_awakened_eye
D:4:      layout_basic, mainiacjoe_overflow_cross_hatched,
          minmay_temple_entry_arrows, uniq_pikel, uniq_ijyb
D:5:      layout_basic, uniq_grinder
D:6:      layout_basic, jmf_multi_god_temple2, zin_statuary, bloody_trog
D:7:      layout_rooms, uniq_duvessa, uniq_maggie
D:8:      layout_basic, okawaru_ov_weapons_minmay, marbit_many_paths,
          amcnicky_altar_gilded
D:9:      layout_small_grid, erik_lair_dragon
D:10:     layout_rooms, nicolae_twisting_strands
D:11:     layout_stronghold, minmay_orc_entry_guard_dogs, serial_shops,
          nicolae_shop_advertising_works [nicolae_subvault_shop_adworks]
Lair:1:   layout_regular_city, minmay_shattered_shrine, serial_bayou_shore_a,
          lemuel_fruit_tree, uniq_harold, uniq_gastronok
Lair:2:   layout_long_grid, dummy_spider_entry, serial_bayou,
          serial_bayou_pond_c, serial_bayou_pond_b, serial_bayou_lagoon_a,
          serial_bayou_lagoon_b, serial_bayou_pond_c
Orc:1:    layout_caves, serial_shops, shop
Orc:2:    grunt_orc_community_town_hall, layout_caves,
          grunt_orc_community_big_house_1, grunt_orc_community_big_house_2,
          grunt_orc_community_house_1, grunt_orc_community_house_3,
          grunt_orc_community_house_1, grunt_orc_community_house_3,
          grunt_orc_community_house_1, grunt_orc_community_house_1, basic_altar,
          roderic_batcave, uniq_josephine

Skill      XL: |  1  2  3  4  5  6  7  8  9 10 11 12 13 |
---------------+----------------------------------------+-----
Invocations    | 1 2 4 5 8 9 |  9.3
Stealth        | 3 5 |  5.6
Fighting       | 3 6 7 |  7.2
Spellcasting   | 2 3 4 |  4.7
Staves         | 2 3 4 |  4.4
Evocations     | 6 7 9 |  9.4
Air Magic      | 1 3 4 5 |  5.2
Transmutations | 3 4 |  4.9
Poison Magic   | 5 |  5.0
Fire Magic     | 2 7 10 | 10.2
Conjurations   | 5 8 9 |  9.0
Earth Magic    | 5 |  5.1
Armour         | |  1.5
Dodging        | |  0.7

Action                   |  1- 3 |  4- 6 |  7- 9 | 10-12 | 13-15 || total
-------------------------+-------+-------+-------+-------+-------++-------
Melee: Club              |     7 |       |       |       |       ||     7
       Hand axe          |    39 |       |       |       |       ||    39
       Dagger            |    28 |   112 |   174 |     4 |       ||   318
       Staff             |       |       |   184 |   130 |       ||   314
       Mace              |       |       |       |   152 |   138 ||   290
       Constrict         |       |       |       |       |    42 ||    42
Throw: Dart              |       |     8 |    40 |    20 |    11 ||    79
       Boomerang         |       |       |     1 |     1 |     7 ||     9
       Throwing net      |       |       |       |       |     1 ||     1
 Cast: Passwall          |       |       |     3 |     4 |     2 ||     9
       Ignite Poison     |       |       |     4 |    10 |     1 ||    15
       Blink             |       |       |     2 |     2 |     6 ||    10
       Stone Arrow       |       |       |       |   146 |    51 ||   197
       Sticky Flame      |       |       |       |    12 |    21 ||    33
       Scorch            |       |       |       |       |     1 ||     1
Invok: Stomp             |       |     6 |     6 |    12 |     4 ||    28
       Line Pass         |       |       |     3 |     3 |       ||     6
 Abil: Spit Poison       |    44 |    31 |    46 |    61 |    22 ||   204
Evoke: Wand              |     1 |     4 |    14 |    12 |     2 ||    33
       Lightning rod     |       |       |       |     4 |     6 ||    10
  Use: Scroll            |       |       |    12 |     5 |     3 ||    20
       Potion            |       |       |     1 |       |       ||     1
 Stab: Paralysed         |     3 |     2 |     9 |    18 |    11 ||    43
       Sleeping          |       |       |     3 |     2 |       ||     5
       Invisible         |       |       |     1 |       |       ||     1
       Confused          |       |       |     1 |       |       ||     1
Armor: Leather armour    |    16 |    26 |    17 |       |       ||    59
       Robe              |       |       |   137 |   223 |   101 ||   461
Dodge: Dodged            |    36 |    47 |   153 |   230 |   105 ||   571
Block: Buckler           |    16 |    14 |    42 |    44 |    30 ||   146

Table legend: (Time is in decaauts)
 A = Elapsed time spent in this place.
 B = Non-inter-level travel time spent in this place.
 C = Inter-level travel time spent in this place.
 D = Time resting spent in this place.
 E = Time spent auto-exploring this place.
 F = Levels seen in this place.
 G = Mean time per level.
                   A        B        C        D        E       F      G
               +--------+--------+--------+--------+--------+-----+--------+
         Total |  25052 |  23674 |   1378 |   5145 |  14462 |  15 | 1670.1 |
       Dungeon |  18492 |  17291 |   1201 |   2714 |  11943 |  11 | 1681.1 |
          Lair |   5269 |   5107 |    162 |   1824 |   2213 |   2 | 2634.5 |
  Orcish Mines |   1290 |   1277 |     13 |    607 |    306 |   2 |  645.0 |
               +--------+--------+--------+--------+--------+-----+--------+

Top non-repeatable levels by time:
  Lair:1: 4117 daAuts
     D:9: 2654 daAuts
    D:11: 2084 daAuts
     D:5: 1982 daAuts
     D:8: 1863 daAuts
     D:7: 1708 daAuts
     D:6: 1705 daAuts
     D:1: 1589 daAuts
     D:4: 1454 daAuts
    D:10: 1227 daAuts
     D:3: 1172 daAuts
  Lair:2: 1152 daAuts
     D:2: 1051 daAuts
   Orc:2: 851 daAuts
   Orc:1: 439 daAuts
